 Dungeon Crawl Stone Soup version 0.27-a0-1381-g81fdcbfb23 (webtiles) character file.

Game seed: 15316668410015596325

203 Bapho the Cudgeller (level 5, 0/32 HPs)
             Began as a Gargoyle Monk on June 30, 2021.
             Was a Believer of Okawaru.
             Slain by an orc priest (3 damage)
             ... on level 4 of the Dungeon.
             The game lasted 00:05:52 (4834 turns).

Bapho the Cudgeller (Gargoyle Monk)                 Turns: 4834, Time: 00:05:52

Health: 0/32       AC: 14    Str: 16    XL:     5   Next: 81%
Magic:  5/5        EV:  5    Int: 10    God:    Okawaru [**....]
Gold:   242        SH:  0    Dex: 12    Spells: 4/4 levels left

rFire    . . .     SeeInvis .   k - +1 whip (pain)
rCold    + . .     Faith    .   (no shield)
rNeg     + . .     Spirit   .   g - +0 plate armour
rPois    ∞         Reflect  .   (no helmet)
rElec    +         Harm     .   (no cloak)
rCorr    .         Rampage  .   (no gloves)
Will     .....                  (no boots)
Stlth    ..........             (no amulet)
HPRegen  0.10/turn              n - ring of protection from cold
MPRegen  0.09/turn              (no ring)

@: mighty, hasted, invisible, very quick
A: sickness immunity, AC +4, negative energy resistance 1, electricity
resistance, torment resistance 1, petrification resistance
a: Renounce Religion, Heroism


You were on level 4 of the Dungeon.
You worshipped Okawaru.
Okawaru was pleased with you.
You visited 1 branch of the dungeon, and saw 4 of its levels.

You collected 242 gold pieces.

Inventory:

Hand Weapons
 a - a +0 mace
 k - a +1 whip of pain (weapon)
Missiles
 c - 58 stones (quivered)
 l - 2 throwing nets
Armour
 b - a +0 robe
 d - a +0 chain mail
 g - a +0 plate armour (worn)
Jewellery
 n - a ring of protection from cold (left hand)
Scrolls
 h - 2 scrolls of magic mapping {unknown}
 j - a scroll of identify
 m - 3 scrolls of teleportation {unknown}
Potions
 e - a potion of attraction
 f - a potion of curing


   Skills:
 - Level 3.2 Fighting
 + Level 6.3 Maces & Flails
 - Level 2.4 Dodging
 - Level 2.1 Stealth


You had 4 spell levels left.
You didn't know any spells.
Your spell library was empty.

Dungeon Overview and Level Annotations

Branches:
Dungeon (4/15)
 Temple: D:4-7

Altars:
Nemelex Xobeh
Okawaru


Innate Abilities, Weirdness & Mutations

You are immune to sickness and miasma.
Your stone body is resilient. (AC +4)
You are immune to poison.
You resist negative energy. (rN+)
You are resistant to electric shocks. (rElec)
You are resistant to unholy torment.
You are immune to petrification.


Message History

The orc hits you but does no damage.
The orc priest hits you but does no damage.
You completely miss the orc priest.
The orc priest is heavily wounded.
The orc hits you but does no damage.
The orc priest calls down the wrath of Beogh upon you.
Pain shoots through your body!
You hit the orc priest but do no damage.
The orc priest is heavily wounded.
The orc hits you but does no damage.
The orc priest hits you but does no damage.
You hit the orc priest but do no damage.
The orc priest is heavily wounded.
The orc hits you but does no damage.
You hit the orc priest but do no damage.
The orc priest is heavily wounded.
The orc priest mumbles some strange prayers to Beogh against you.
You barely resist.
An endoplasm comes into view.
The endoplasm quivers.
You hit the orc priest but do no damage.
The orc priest is heavily wounded.
The orc hits you with a +0 whip.
The orc priest casts a cantrip, but nothing happens.
You hit the orc priest but do no damage.
The orc priest is heavily wounded.
The orc hits you but does no damage.
The orc priest mumbles some strange prayers to Beogh against you.
Beogh smites you!
* * * LOW HITPOINT WARNING * * *
It was a potion of haste.
You feel yourself speed up. The orc hits you with a +0 whip.
* * * LOW HITPOINT WARNING * * *
The orc priest looks braver for a moment.
It was a potion of might.
You feel very mighty all of a sudden. The orc hits you but does no damage.
You fade into invisibility!
The orc priest hits you with a +0 hand axe.
You die...

#. .## . ..# ..
## ..### ##.
#..#.##...#....
#...........#
.....J.o..#
.......@o.#
...........#
........(......
[..##....#.....
.. ...#.####..
. .... #. #
#.... . .....
..


You could see an orc priest, an orc and an endoplasm.

Vanquished Creatures
  A hound (D:3)
  A scorpion zombie (D:2)
  3 gnolls (D:2)
  4 adders
  An adder zombie (D:2)
  An adder skeleton (D:2)
  A worm (D:3)
  4 dart slugs
  An orc (D:3)
  4 endoplasms
  A giant cockroach (D:1)
  5 goblins
  2 hobgoblins
  8 jackals
  2 quokkas (D:2)
  4 ball pythons
  A ball python skeleton (D:2)
  2 ball python zombies (D:2)
  5 bats
  6 frilled lizards
  A jackal zombie (D:2)
  7 kobolds
  A quokka skeleton (D:2)
  2 quokka zombies (D:2)
  2 rats
70 creatures vanquished.

Notes
Turn   | Place    | Note
-------+----------+-------------------------------------------
     0 | D:1      | Bapho the Gargoyle Monk began the quest for the Orb.
     0 | D:1      | Reached XP level 1. HP: 14/14 MP: 1/1
   302 | D:1      | Reached XP level 2. HP: 11/19 MP: 2/2
   794 | D:1      | Reached skill level 4 in Maces & Flails
  1209 | D:2      | Reached XP level 3. HP: 23/23 MP: 3/3
  1675 | D:2      | Reached XP level 4. HP: 22/28 MP: 4/4
  1815 | D:2      | Reached skill level 5 in Maces & Flails
  2762 | D:2      | Reached XP level 5. HP: 7/32 MP: 5/5
  3288 | D:3      | Found an iron altar of Okawaru.
  3311 | D:3      | Became a worshipper of Warmaster Okawaru
  3311 | D:3      | Reached * piety under Okawaru
  3311 | D:3      | Reached ** piety under Okawaru
  3459 | D:3      | Reached skill level 6 in Maces & Flails
  3560 | D:3      | Found a sparkling altar of Nemelex Xobeh.
  4834 | D:4      | Slain by an orc priest

Illustrated notes

Levels and vault maps discovered:
D:1:      dpeg_arrival_shrine, layout_rooms
D:2:      layout_loops_corners, serial_undead, serial_undead_a, serial_undead_e,
          serial_undead_c, serial_undead_d, serial_undead_a, serial_undead_b,
          serial_undead_d, serial_undead_b, serial_undead_b, serial_undead_b
D:3:      layout_basic, okawaru_ov_weapons_minmay, nemelex_altar_shiori,
          nrook_campfire, minmay_misc_feat_ornament
D:4:      layout_cave_pools, pdpol_wu_jian_five_deadly_venoms,
          lemuel_temple_firewalk_b

Skill      XL: |  1  2  3  4  5 |
---------------+----------------+-----
Maces & Flails | 4 5 6 |  6.3
Fighting       | |  3.2
Dodging        | |  2.4
Stealth        | |  2.1

Action                   |  1- 3 |  4- 6 || total
-------------------------+-------+-------++-------
Melee: Mace              |    91 |    29 ||   120
       Whip              |       |   163 ||   163
Throw: Stone             |    65 |    70 ||   135
  Use: Scroll            |     3 |       ||     3
       Potion            |       |     3 ||     3
 Stab: Sleeping          |     1 |       ||     1
Armor: Robe              |     4 |       ||     4
       Plate armour      |    48 |   132 ||   180
       Chain mail        |     8 |       ||     8
Dodge: Dodged            |    17 |    53 ||    70

Table legend: (Time is in decaauts)
 A = Elapsed time spent in this place.
 B = Non-inter-level travel time spent in this place.
 C = Inter-level travel time spent in this place.
 D = Time resting spent in this place.
 E = Time spent auto-exploring this place.
 F = Levels seen in this place.
 G = Mean time per level.
                   A        B        C        D        E       F      G
               +--------+--------+--------+--------+--------+-----+--------+
         Total |   4842 |   4706 |    136 |   1018 |   3044 |   4 | 1210.5 |
       Dungeon |   4842 |   4706 |    136 |   1018 |   3044 |   4 | 1210.5 |
               +--------+--------+--------+--------+--------+-----+--------+

Top non-repeatable levels by time:
     D:2: 1951 daAuts
     D:3: 1693 daAuts
     D:1: 1177 daAuts
     D:4: 19 daAuts
